 Dungeon Crawl Stone Soup version 0.19-a0-1732-g0b18a7b (webtiles) character file.

348 holy777 the Vandal (level 6, -1/42 HPs)
             Began as a Halfling Hunter on Sept 29, 2016.
             Slain by an ogre
             ... wielding a +0 giant club
              (22 damage)
             ... on level 5 of the Dungeon on Sept 30, 2016.
             The game lasted 00:17:04 (3605 turns).

holy777 the Vandal (Halfling Hunter)                Turns: 3605, Time: 00:17:04

Health: -1/42      AC:  9    Str: 17    XL:     6   Next: 91%
Magic:  6/6        EV: 13    Int:  9    God:
Gold:   199        SH:  5    Dex: 17    Spells: 0 memorised, 5 levels left

rFire  . . .     SeeInvis .     a - +2 hunting sling
rCold  . . .     Gourm    .     i - +0 scale mail
rNeg   . . .     Faith    .     j - +1 buckler of Inaction {Stlth+}
rPois  .         Spirit   .     (no helmet)
rElec  .         Dismiss  .     (no cloak)
rCorr  .         Reflect  .     (no gloves)
MR     .....     Harm     +     (no boots)
Stlth  ++........               v - amulet of harm
                                r - +4 ring of strength
                                h - +3 ring of protection

@: no status effects
A: mutation resistance 1
a: no special abilities


You were on level 5 of the Dungeon.
You were not hungry.

You visited 1 branch of the dungeon, and saw 5 of its levels.

You collected 199 gold pieces.

Inventory:

Hand Weapons
 a - a +2 hunting sling (weapon)
 b - a +0 short sword
 c - a +1 dagger of holy wrath
Missiles
 d - 44 sling bullets (quivered)
 e - 88 stones
Armour
 i - a +0 scale mail (worn)
 j - the +1 buckler of Inaction (worn) {Stlth+}
   (You found it on level 4 of the Dungeon)

   It makes you more stealthy.
 p - the +3 hat of Pondering {ponderous, MR+ MP+10 Int+5}
   (You found it on level 4 of the Dungeon)

   It affects your intelligence (+5).
   It affects your resistance to hostile enchantments.
   It affects your magic capacity (+10).
Jewellery
 h - a +3 ring of protection (left hand)
 r - a +4 ring of strength (right hand)
 v - an amulet of harm (around neck)
Scrolls
 l - 3 scrolls of remove curse
 q - 2 scrolls of teleportation
 s - 2 scrolls of magic mapping {unknown}
 u - a scroll of enchant armour {unknown}
 y - a scroll of blinking {unknown}
Potions
 g - a potion of curing
 k - a potion of ambrosia {unknown}
 n - a potion of agility {unknown}
 t - a potion of berserk rage {unknown}
 w - 3 potions of resistance {unknown}
 x - a potion of lignification {unknown}
Comestibles
 f - 5 bread rations
 o - 4 fruits


   Skills:
 + Level 3.1 Fighting
 + Level 3.1 Short Blades
 + Level 7.2 Slings
 + Level 0.6(3.1) Throwing
 + Level 2.4 Armour
 * Level 3.7 Dodging
 + Level 1.8 Stealth


You had 5 spell levels left.
You didn't know any spells.

Dungeon Overview and Level Annotations

Branches:
Dungeon (5/15)
 Temple: D:4-7

Altars:
Cheibriados
Hepliaklqana
Zin


Innate Abilities, Weirdness & Mutations

You are small and have problems with some larger weapons.
You are somewhat resistant to further mutation.


Message History

Press: ? - help, Shift-Dir - straight line, f/p - ogre
Aim: an ogre, wielding a giant club (moderately wounded)
You shoot a sling bullet. The sling bullet hits the ogre.
The ogre is heavily wounded.
Firing (i - inventory. (,) - cycle):
d - 45 sling bullets (quivered)
Press: ? - help, Shift-Dir - straight line, f/p - ogre
Aim: an ogre, wielding a giant club (heavily wounded)
You shoot a sling bullet. The sling bullet hits the ogre.
The ogre is severely wounded.
The ogre hits you with a giant club!!
Ouch! That really hurt!
* * * LOW HITPOINT WARNING * * *
Okay, then.
As you read the scroll of fog, it crumbles to dust.
The scroll dissolves into smoke.
You block the ogre's attack.
An ogre comes into view. It is wielding a giant club.
The ogre shouts!
You feel better. The ogre hits you with a giant club!!
Ouch! That really hurt!
You die...

...####.### (#
#.#######.###
#...........#
######.####.....
. #(# ### #.O
#.# #...### #.#
......§###§#
....§§@O§§#
......§#####
....### ... .


You could see 2 ogres.

Vanquished Creatures
  2 orc wizards
  Ijyb (D:2)
  4 worker ants
  A hound skeleton (D:4)
  7 adders
  An ooze (D:2)
  An adder skeleton (D:4)
  2 worms (D:2)
  4 dart slugs
  5 orcs
  2 giant cockroaches
  6 goblins
  8 hobgoblins
  14 jackals
  4 kobolds
  7 bats
  7 frilled lizards
  9 rats
85 creatures vanquished.

Notes
Turn   | Place    | Note
-------+----------+-------------------------------------------
     0 | D:1      | holy777 the Halfling Hunter began the quest for the Orb.
     0 | D:1      | Reached XP level 1. HP: 14/14 MP: 1/1
   469 | D:1      | Reached skill level 6 in Slings
   469 | D:1      | Reached XP level 2. HP: 15/19 MP: 2/2
   854 | D:2      | Found a snail-covered altar of Cheibriados.
   917 | D:2      | Reached XP level 3. HP: 24/24 MP: 3/3
   992 | D:2      | Upgraded the game from 0.19-a0-1720-gc855d72 to 0.19-a0-1732-g0b18a7b
  1044 | D:2      | Noticed Ijyb
  1094 | D:2      | Killed Ijyb
  1094 | D:2      | Reached skill level 1 in Short Blades
  1094 | D:2      | Reached skill level 1 in Armour
  1094 | D:2      | Reached XP level 4. HP: 23/29 MP: 4/4
  1132 | D:2      | Found a hazy altar of Hepliaklqana.
  1772 | D:3      | Reached XP level 5. HP: 35/35 MP: 5/5
  2284 | D:3      | Reached XP level 6. HP: 24/41 MP: 6/6
  2294 | D:3      | Reached skill level 7 in Slings
  2791 | D:3      | Found a glowing silver altar of Zin.
  2990 | D:4      | Got a steaming buckler
  3186 | D:4      | Identified the +1 buckler of Inaction {Stlth+} (You found it on level 4 of the Dungeon)
  3578 | D:5      | Entered Level 5 of the Dungeon
  3591 | D:5      | Noticed an ogre
  3604 | D:5      | Noticed an ogre
  3605 | D:5      | Slain by an ogre

Vault maps used:
D:1:      onia_arrival_pentagram
D:2:      lemuel_crystal_altar, kennysheep_slug_shrine, uniq_iyjb
D:3:      lemuel_coloured_pillars_altar, first_bread
D:5:      uniq_blork_the_orc, uniq_menkaure, uniq_crazy_yiuf_cottage

Skill      XL: |  1  2  3  4  5  6 |
---------------+-------------------+-----
Slings         | 6 7 |  7.2
Fighting       | 2 3 |  3.1
Short Blades   | 1 2 3 |  3.1
Armour         | 1 2 |  2.4
Dodging        | 3 |  3.7
Throwing       | |  0.6
Stealth        | |  1.8

Action                   |  1- 3 |  4- 6 || total
-------------------------+-------+-------++-------
Melee: Short sword       |   101 |   200 ||   301
 Fire: Hunting sling     |    16 |    81 ||    97
Throw: Stone             |    28 |     8 ||    36
  Use: Scroll            |     5 |     6 ||    11
       Potion            |       |     2 ||     2
  Eat: Chunk             |       |     3 ||     3
       Fruit             |       |     5 ||     5
       Beef jerky        |       |     1 ||     1
Armor: Leather armour    |     5 |       ||     5
       Scale mail        |    30 |    78 ||   108
Dodge: Dodged            |    55 |   110 ||   165
Block: Buckler           |       |     5 ||     5
